 Dungeon Crawl Stone Soup version 0.26.1-11-gd32895ea62 (webtiles) character file.

Game seed: 2921950041173733925

627 Almogavar the Fighter (level 7, -1/63 HPs)
             Began as a Gnoll Wanderer on Apr 30, 2021.
             Killed from afar by an orc wizard (9 damage)
             ... with a puff of flame
             ... on level 4 of the Dungeon.
             The game lasted 00:11:04 (4444 turns).

Almogavar the Fighter (Gnoll Wanderer)              Turns: 4444, Time: 00:11:05

Health: -1/63      AC: 10    Str: 19    XL:     7   Next: 47%
Magic:  10/10      EV:  8    Int: 13    God:
Gold:   204        SH:  0    Dex: 13    Spells: 11/11 levels left

rFire    . . .     SeeInvis .   a - +2 hand axe
rCold    . . .     Faith    .   (no shield)
rNeg     . . .     Spirit   .   j - +0 chain mail
rPois    .         Reflect  .   k - +0 helmet (curse)
rElec    .         Harm     .   (no cloak)
rCorr    .         Rampage  .   (no gloves)
Will     +....                  (no boots)
Stlth    ..........             (no amulet)
HPRegen  0.20/turn              m - ring of willpower
MPRegen  0.12/turn              (no ring)

@: no status effects
A: distributed training, fangs 1, strong nose
a: no special abilities


You were on level 4 of the Dungeon.
You visited 1 branch of the dungeon, and saw 6 of its levels.

You collected 204 gold pieces.

Inventory:

Hand Weapons
 a - a +2 hand axe (weapon)
Missiles
 d - 6 bolts
 i - 17 poisoned darts (quivered)
 p - 8 atropa-tipped darts
Armour
 j - a +0 chain mail (worn)
 k - a cursed +0 helmet (worn)
Jewellery
 m - a ring of willpower (left hand)
Scrolls
 e - a scroll of identify {unknown}
 l - a scroll of immolation {unknown}
 n - a scroll of random uselessness {unknown}
 o - 2 scrolls of remove curse {unknown}
 q - a scroll of fog {unknown}
 r - a scroll of enchant armour {unknown}
Potions
 b - a potion of attraction {unknown}
 c - a potion of lignification
 f - a potion of resistance {unknown}
 g - a potion of brilliance {unknown}
 h - 2 potions of flight {unknown}
 s - a potion of curing {unknown}


   Skills:
 + Level 8.9 Fighting
 + Level 2.5 Short Blades
 + Level 2.5 Long Blades
 + Level 5.2 Axes
 + Level 2.5 Maces & Flails
 + Level 2.5 Polearms
 + Level 2.5 Staves
 + Level 2.5 Slings
 + Level 3.6 Bows
 + Level 2.5 Crossbows
 + Level 3.6 Throwing
 + Level 3.6 Armour
 + Level 2.5 Dodging
 + Level 2.5 Stealth
 + Level 3.6 Shields
 + Level 2.5 Unarmed Combat
 + Level 2.5 Spellcasting
 + Level 2.0 Conjurations
 + Level 2.0 Hexes
 + Level 2.0 Summonings
 + Level 2.0 Necromancy
 + Level 2.0 Translocations
 + Level 2.0 Transmutations
 + Level 2.0 Fire Magic
 + Level 2.0 Ice Magic
 + Level 2.0 Air Magic
 + Level 2.0 Earth Magic
 + Level 2.0 Poison Magic
 + Level 2.8 Invocations
 + Level 2.5 Evocations


You had 11 spell levels left.
You didn't know any spells.
Your spell library was empty.

Dungeon Overview and Level Annotations

Branches:
Dungeon (6/15)
 Temple: D:4-7

Altars:
Gozag

Shops:
D:2 *


Innate Abilities, Weirdness & Mutations

Your experience applies equally to all skills.
You have very sharp teeth.
Your uncanny sense of smell can sniff out nearby items.


Message History

The orc priest calls upon Beogh to heal the orc wizard.
The orc wizard is healed somewhat.
You hit the orc wizard but do no damage.
The orc wizard is heavily wounded.
The orc wizard hits you but does no damage.
The orc priest invokes the aid of Beogh against you.
Beogh smites you!
You are too injured to fight recklessly!
You are too injured to fight recklessly!
You closely miss the orc wizard.
The orc wizard is heavily wounded.
The orc wizard barely misses you.
The orc priest mumbles some strange prayers to Beogh against you.
Beogh smites you!
* * * LOW HITPOINT WARNING * * *
Your chain mail prevents you from hitting the orc wizard.
The orc wizard is heavily wounded.
The orc wizard casts a spell at you. The puff of flame hits you!
You die...

########## #........#
####.######.# ##.##.#
####.# ##.#.#.###....#
#.###......##.########
##.#>#.#.#.##.@oo((..#
##)##.#... #.######.#
#.............
#.###.####...# #.# #.#
##.## #.# #.# #.# #..
.# #. ### #+


You could see an orc priest and an orc wizard.

Vanquished Creatures
  An ogre (D:6)
  2 centaurs
  2 orc priests
  2 orc wizards
  A worker ant (D:6)
  An iguana (D:5)
  A hound zombie (D:5)
  A hound skeleton (D:5)
  7 gnolls
  3 adders
  2 white imps
  A worm (D:2)
  3 dart slugs
  5 leopard geckos
  5 orcs
  5 giant cockroaches
  4 goblins
  6 hobgoblins
  3 quokkas
  5 bats
  6 frilled lizards
  A jackal skeleton (D:3)
  11 kobolds
  7 rats
85 creatures vanquished.

Notes
Turn   | Place    | Note
-------+----------+-------------------------------------------
     0 | D:1      | Almogavar the Gnoll Wanderer began the quest for the Orb.
     0 | D:1      | Almogavar set off with the following items: a +2 hand axe,
                  | a +0 ring mail, a potion of lignification
     0 | D:1      | Reached XP level 1. HP: 26/26 MP: 1/1
    99 | D:1      | Reached XP level 2. HP: 33/33 MP: 2/2
   500 | D:1      | Reached XP level 3. HP: 35/38 MP: 3/3
   867 | D:2      | Reached skill level 1 in Invocations
  1277 | D:2      | Reached skill level 1 in Short Blades
  1277 | D:2      | Reached skill level 1 in Long Blades
  1277 | D:2      | Reached skill level 1 in Maces & Flails
  1277 | D:2      | Reached skill level 1 in Polearms
  1277 | D:2      | Reached skill level 1 in Staves
  1277 | D:2      | Reached skill level 1 in Slings
  1277 | D:2      | Reached skill level 1 in Crossbows
  1277 | D:2      | Reached skill level 1 in Dodging
  1277 | D:2      | Reached skill level 1 in Stealth
  1277 | D:2      | Reached skill level 1 in Unarmed Combat
  1277 | D:2      | Reached skill level 1 in Spellcasting
  1277 | D:2      | Reached skill level 1 in Evocations
  1361 | D:2      | Found Gozag's Platinum Reserve.
  1375 | D:2      | Found an opulent altar of Gozag.
  1470 | D:2      | Reached XP level 4. HP: 45/45 MP: 5/5
  1757 | D:2      | Reached skill level 1 in Conjurations
  1757 | D:2      | Reached skill level 1 in Hexes
  1757 | D:2      | Reached skill level 1 in Summonings
  1757 | D:2      | Reached skill level 1 in Necromancy
  1757 | D:2      | Reached skill level 1 in Translocations
  1757 | D:2      | Reached skill level 1 in Transmutations
  1757 | D:2      | Reached skill level 1 in Fire Magic
  1757 | D:2      | Reached skill level 1 in Ice Magic
  1757 | D:2      | Reached skill level 1 in Air Magic
  1757 | D:2      | Reached skill level 1 in Earth Magic
  1757 | D:2      | Reached skill level 1 in Poison Magic
  2112 | D:3      | Reached XP level 5. HP: 31/51 MP: 6/6
  2764 | D:3      | You fall into a shaft and drop 2 floors!
  2764 | D:5      | Entered Level 5 of the Dungeon
  2777 | D:5      | Noticed a centaur
  3036 | D:6      | Killed a centaur
  3037 | D:6      | Reached XP level 6. HP: 31/57 MP: 8/8
  3229 | D:6      | Reached skill level 5 in Axes
  3766 | D:5      | Reached XP level 7. HP: 61/63 MP: 10/10
  3818 | D:5      | HP: 3/63 [centaur/arrow (2)]
  4444 | D:4      | Killed from afar by an orc wizard

Illustrated notes

Levels and vault maps discovered:
D:1:      roderic_crossed_star, layout_basic, hangedman_feature_mirror,
          serial_park_tiny_2
D:2:      layout_loops_corners, nicolae_gozag_zags_fifth_avenue
D:3:      layout_loops_corners, gammafunk_ghost_grave, grunt_decor_cap
D:4:      layout_loops_corners, chequers_temple_overflow_statue_of_worship,
          minmay_fire_ice_demons, uniq_ijyb, uniq_blork_the_orc
D:5:      layout_cave_pools, chequers_ossuary_entry_cave
D:6:      layout_loops_ring, minmay_ogre_servants

Skill      XL: |  1  2  3  4  5  6  7 |
---------------+----------------------+-----
Invocations    | 1 2 |  2.8
Short Blades   | 1 2 |  2.5
Long Blades    | 1 2 |  2.5
Maces & Flails | 1 2 |  2.5
Polearms       | 1 2 |  2.5
Staves         | 1 2 |  2.5
Slings         | 1 2 |  2.5
Crossbows      | 1 2 |  2.5
Dodging        | 1 2 |  2.5
Stealth        | 1 2 |  2.5
Unarmed Combat | 1 2 |  2.5
Spellcasting   | 1 2 |  2.5
Evocations     | 1 2 |  2.5
Conjurations   | 1 2 |  2.0
Hexes          | 1 2 |  2.0
Summonings     | 1 2 |  2.0
Necromancy     | 1 2 |  2.0
Translocations | 1 2 |  2.0
Transmutations | 1 2 |  2.0
Fire Magic     | 1 2 |  2.0
Ice Magic      | 1 2 |  2.0
Air Magic      | 1 2 |  2.0
Earth Magic    | 1 2 |  2.0
Poison Magic   | 1 2 |  2.0
Bows           | 3 |  3.6
Throwing       | 3 |  3.6
Armour         | 3 |  3.6
Shields        | 3 |  3.6
Axes           | 5 |  5.2
Fighting       | |  8.9

Action                   |  1- 3 |  4- 6 |  7- 9 || total
-------------------------+-------+-------+-------++-------
Melee: Hand axe          |    98 |   114 |    41 ||   253
       Bite              |    11 |    12 |     1 ||    24
Throw: Dart              |       |    11 |    19 ||    30
Armor: Ring mail         |    23 |       |       ||    23
       Chain mail        |     7 |    81 |    23 ||   111
Dodge: Dodged            |    53 |    42 |    18 ||   113
